AoeStats
← Elias Lönnrot

African Clearing

506893879Analyzed
4v4 RM · 15d ago on Sep 15, 2026· 55m 56s· 8 players
Game mode
Random Map
Map size
Large (8 player)
Population
200
Speed
Normal
Resources
Standard
Victory
Conquest
Starting age
Dark Age
Ending age
Imperial Age
RankedLock teamsTeams togetherTeam positionsShared explorationLock speedFull tech treeHidden civsTurbo modeCheats
Victory
Defeat
🇨🇳 Malians · China
1477
+18
🇨🇴 Britons · Colombia
1467
+18
🇹🇼 Goths · Taiwan
1447
+19
🇫🇷 Persians · France
1423
+20
🇫🇮 Wu · Finland
1682
-26
🇫🇮 Celts · Finland
1604
-22
🇫🇮 Saracens · Finland
1473
-17
🇫🇮 Gurjaras · Finland
1282
-20
xinyuan.zhao22
11:09 Loom
14:08 Feudal Age
14:42 Man-at-Arms
15:10 Double-Bit Axe
21:19 Fletching
24:38 Castle Age
23:11 Forging
22:56 Gold Mining
23:53 Scale Mail Armor
25:06 Long Swordsman
29:54 Squires
30:04 Arson
31:51 Chain Mail Armor
33:28 Wheelbarrow
36:29 Bow Saw
37:35 Hand Cart
37:37 Horse Collar
52:58 Town Watch
53:44 Town Patrol
56:29 Imperial Age
54:17 Heavy Plow
54:36 Padded Archer Armor
56:11 Iron Casting
55:42 Scale Barding Armor
55:49 Bloodlines
55:40 Husbandry
56:40 Gold Shaft Mining
55:55 Stone Mining
Jambonbeurre
3:27 Loom
11:42 Feudal Age
16:24 Castle Age
17:00 Scale Barding Armor
24:20 Bloodlines
33:16 Chain Barding Armor
37:21 Gold Mining
38:35 Horse Collar
47:02 Heavy Plow
46:52 Double-Bit Axe
49:21 Stone Mining
51:17 Wheelbarrow
53:45 Hand Cart
55:11 Husbandry
EL TIGRE ABELARDO
12:08 Loom
14:10 Feudal Age
15:44 Double-Bit Axe
19:08 Castle Age
17:01 Horse Collar
17:14 Gold Mining
17:45 Fletching
18:37 Horse Collar
19:09 Crossbowman
21:36 Bow Saw
24:34 Bodkin Arrow
26:54 Wheelbarrow
26:52 Padded Archer Armor
26:58 Heavy Plow
29:12 Town Watch
30:05 Gold Shaft Mining
29:20 Stone Mining
33:08 Leather Archer Armor
34:11 Ballistics
38:40 Imperial Age
37:32 Scale Mail Armor
37:42 Forging
38:40 Hand Cart
39:24 Bracer
40:13 Ring Archer Armor
40:48 Chemistry
40:45 Conscription
41:29 Warwolf
41:24 Elite Longbowman
42:39 Chain Mail Armor
42:59 Coinage
44:09 Hoardings
44:33 Iron Casting
45:08 Banking
46:16 Blast Furnace
45:47 Plate Mail Armor
46:20 Two-Man Saw
46:22 Yeomen
46:13 Elite Skirmisher
47:18 Town Patrol
46:43 Pikeman
47:23 Squires
49:57 Masonry
49:10 Capped Ram
49:22 Man-at-Arms
49:47 Gambesons
49:48 Arson
51:15 Long Swordsman
51:46 Two-Handed Swordsman
53:41 Champion
54:47 Halberdier
my60703
3:14 Loom
15:07 Feudal Age
19:17 Castle Age
17:39 Double-Bit Axe
18:13 Horse Collar
20:57 Town Watch
25:44 Wheelbarrow
28:16 Bow Saw
29:43 Stone Mining
29:44 Gold Mining
33:42 Heavy Plow
36:49 Imperial Age
34:52 Scale Mail Armor
35:02 Forging
35:26 Squires
35:45 Anarchy
36:00 Forging
36:07 Chain Mail Armor
37:54 Conscription
38:28 Iron Casting
38:36 Elite Huskarl
41:19 Hand Cart
42:52 Chemistry
42:51 Town Patrol
43:35 Perfusion
48:14 Murder Holes
50:20 Blast Furnace
Elias Lönnrot
11:48 Feudal Age
18:07 Castle Age
16:52 Double-Bit Axe
19:27 Loom
25:13 Fletching
26:16 Padded Archer Armor
27:26 Husbandry
29:15 Town Watch
31:07 Wheelbarrow
32:14 Bodkin Arrow
33:56 Ballistics
38:37 Imperial Age
36:31 Bow Saw
36:41 Leather Archer Armor
38:37 Bloodlines
39:21 Bracer
40:15 Elite Elephant Archer
45:16 Hand Cart
45:02 Town Patrol
47:05 Man-at-Arms
50:05 Forging
49:55 Scale Mail Armor
54:32 Conscription
Dasran
6:38 Loom
12:13 Feudal Age
13:57 Double-Bit Axe
17:33 Fletching
22:56 Castle Age
21:21 Stone Mining
23:01 Crossbowman
23:36 Bodkin Arrow
29:38 Padded Archer Armor
29:36 Bodkin Arrow
31:21 Ballistics
32:19 Bow Saw
33:21 Wheelbarrow
35:00 Padded Archer Armor
38:30 Imperial Age
36:35 Horse Collar
36:48 Gold Mining
37:28 Leather Archer Armor
38:33 Arbalester
39:14 Bracer
40:26 Chemistry
40:34 Forging
41:47 Scale Barding Armor
42:50 Iron Casting
45:08 Bloodlines
45:36 Town Watch
48:31 Husbandry
56:33 Blast Furnace
30Markus
7:45 Loom
11:03 Feudal Age
12:01 Man-at-Arms
14:40 Horse Collar
21:04 Scale Mail Armor
23:05 Castle Age
21:18 Forging
21:13 Double-Bit Axe
23:00 Stone Mining
23:08 Long Swordsman
24:18 Gambesons
24:52 Arson
25:47 Pikeman
27:10 Chain Mail Armor
29:07 Wheelbarrow
31:53 Wheelbarrow
31:53 Ballistics
36:26 Hand Cart
39:27 Iron Casting
47:20 Imperial Age
47:23 Elite Woad Raider
48:27 Conscription
48:36 Scale Barding Armor
49:03 Plate Mail Armor
51:40 Chemistry
51:59 Furor Celtica
52:52 Siege Engineers
52:58 Masonry
54:00 Blast Furnace
52:45 Capped Ram
55:25 Siege Ram
Shyles
12:08 Feudal Age
10:52 Loom
16:35 Castle Age
16:29 Double-Bit Axe
17:37 Bow Saw
25:49 Horse Collar
28:26 Fletching
30:09 Gold Mining
30:36 Man-at-Arms
35:55 Imperial Age
33:52 Ballistics
34:05 Bodkin Arrow
36:07 Red Cliffs Tactics
36:35 Bracer
37:56 Chemistry
38:53 Wheelbarrow
41:01 Wheelbarrow
44:27 Padded Archer Armor
45:17 Conscription
45:17 Light Cavalry
46:03 Scale Barding Armor
46:28 Bloodlines
45:58 Elite Skirmisher
47:12 Husbandry
47:44 Leather Archer Armor
54:59 Heavy Plow
Connection lost

Rejoining the realm…

Still unreachable

The connection could not be restored.

Session expired

The server has moved on; the page needs a fresh start.